 Dungeon Crawl Stone Soup version 0.30.1 (webtiles) character file.

Game seed: 14714582526822768846

28 Peloso the Covered (level 3, 33/33 HPs)
             Began as a Minotaur Fighter on July 2, 2023.
             Got out of the dungeon alive.
             The game lasted 00:02:34 (1328 turns).

Peloso the Covered (Minotaur Fighter)               Turns: 1328, Time: 00:02:34

Health: 33/33      AC:  8    Str: 18 (21) XL:     3   Next: 0%
Magic:  2/2        EV:  9    Int:  1 (4)  God:
Gold:   62         SH:  4    Dex: 10 (13) Spells: 2/2 levels left

rFire   . . .        a - +1 long sword
rCold   + . .        c - +0 buckler
rNeg    . . .        b - +1 scale mail
rPois   .            (helmet restricted)
rElec   .            (no cloak)
rCorr   .            (no gloves)
SInv    .            (no boots)
Will    .....        (no amulet) Stlth
                     (no ring)
HPRegen 0.25/turn    (no ring)
MPRegen 0.08/turn

%: no passive effects
@: no status effects
A: horns 2, retaliatory headbutt, agile 1, cold resistance 1, MP-powered wands
a: no special abilities


You escaped.
You visited 1 branch of the dungeon, and saw 2 of its levels.

You collected 62 gold pieces.

Inventory:

Hand Weapons
 a - a +1 long sword (weapon)
Armour
 b - a +1 scale mail (worn)
 c - a +0 buckler (worn)
Scrolls
 m - a scroll of teleportation
Potions
 d - a potion of might
 g - a potion of curing
 h - a potion of heal wounds


   Skills:
 + Level 4.0 Fighting
 + Level 2.7 Long Blades
 + Level 4.1 Armour
 + Level 0.3 Dodging
 + Level 4.0 Shields


You had 2 spell levels left.
You didn't know any spells.
Your spell library was empty.

Dungeon Overview and Level Annotations

Branches:
Dungeon (2/15)

Altars:


Innate Abilities, Weirdness & Mutations

You have a pair of horns on your head.
You reflexively headbutt those who attack you in melee.
You are agile. (Dex +4, Str/Int -1)
Your flesh is cold resistant. (rC+)
You expend magic power (3 MP) to strengthen your wands.


Message History

It was a potion of haste.
You feel yourself speed up.
It was a potion of resistance.
You feel protected.
As you read the scroll labelled YXEEGAGAME, it crumbles to dust.
It is a scroll of enchant armour.
Your +0 scale mail glows green for a moment.
As you read the scroll labelled ZAEPIL DIDWEGU, it crumbles to dust.
You hear a loud clanging noise!
It was a scroll of noise.
As you read the scroll labelled LONU ZUOWKISK, it crumbles to dust.
It is a scroll of enchant weapon.
Your +0 long sword glows red for a moment.
As you read the scroll labelled PAUXZO WABONK, it crumbles to dust.
You assume a fearsome visage.
Nothing appears to happen.
It was a scroll of fear.
As you read the scroll labelled TEUDIEH BEAJA, it crumbles to dust.
It is a scroll of identify.
m - a scroll of teleportation
As you read the scroll labelled OHIUCR RA TUFYA, it crumbles to dust.
Wisps of shadow whirl around you...
It was a scroll of summoning.
(D) Dungeon
Where to? (Enter - D:12, ? - help)
What level of the Dungeon? (default 1, ? - help)
You swap places.
You swap places.
You see here a +0 spear.
There is a stone staircase leading down here.
There is a stone staircase leading up here.
You climb upwards.
There is a stone staircase leading down here.
Your extra speed is starting to run out.
You start to feel less resistant.
You feel yourself slow down.
Your resistance to elements expires.
There is an open door here.
There is a staircase leading out of the dungeon here.
Are you sure you want to leave the Dungeon?
This will make you lose the game! [Y]es or [N]o only, please.
Are you sure you want to leave the Dungeon?
This will make you lose the game!
You have escaped!

####### #.##.#####
#..... #.##.....#
###### #.######.###
#..........#######
##########.......#
#####......# #####
##.###......# #....
##...##......# #.###
#≈.@.≈#......# #.#
#≈...≈#......# #.#
#≈...≈#......# #.#
#≈...≈#......# #.###
#≈...≈##.....# #....
##...###..#### #....
####...###..## #....
#..+8.8'.....# #....
#.###.#####..#########


There were no monsters in sight!

Vanquished Creatures
  2 endoplasms (D:1)
  3 goblins
  6 hobgoblins
  2 kobolds (D:1)
  2 quokkas (D:1)
  3 ball pythons
  4 bats
  2 frilled lizards (D:2)
  3 rats (D:1)
27 creatures vanquished.

Notes
Turn   | Place    | Note
-------+----------+-------------------------------------------
     0 | D:1      | Peloso the Minotaur Fighter began the quest for the Orb.
     0 | D:1      | Reached XP level 1. HP: 19/19 MP: 0/0
   224 | D:1      | Reached XP level 2. HP: 19/27 MP: 1/1
   730 | D:2      | Gained mutation: You expend magic power (3 MP) to
                  | strengthen your wands. [potion of mutation]
   730 | D:2      | Gained mutation: Your flesh is cold resistant. (rC+)
                  | [potion of mutation]
   730 | D:2      | Gained mutation: You are agile. (Dex +4, Str/Int -1)
                  | [potion of mutation]
  1170 | D:2      | Reached XP level 3. HP: 33/33 MP: 2/2
  1328 | D:$      | Got out of the dungeon alive.

Illustrated notes

Levels and vault maps discovered:
D:1:      wander_arrival_chamber, layout_basic
D:2:      layout_loops_ring, kennysheep_donut

Skill      XL: |  1  2 |
---------------+-------+-----
Fighting       | 4 |  4.0
Shields        | 4 |  4.0
Armour         | 4 |  4.1
Long Blades    | |  2.7
Dodging        | |  0.3

Action                     || total
---------------------------++-------
  Melee: Long sword        ||    55
         Headbutt          ||     7
    Use: Potion            ||     7
         Scroll            ||     7
 Armour: Scale mail        ||    30
  Dodge: Dodged            ||    42
  Block: Buckler           ||    11
